Cogmind - Beta 14 @@@ ROGUE MODE // 2024.09.21 @ 17:23:17 Player: Waste Result: Destroyed self with Grenade Launcher Performance ------------- Evolutions (0) 0 Regions Visited (4) 800 Robots Destroyed (20) 100 Value Destroyed (243) 243 Prototype IDs (28) 560 Alien Tech Used (0) 0 Bonus (0) 0 TOTAL SCORE: 1703 Bonus ------- None Cogmind --------- Core Integrity 0/250 Matter 147/300 Energy 265/265 System Corruption 0% Temperature Cool (0) Movement Treading (240) Ox1 Location -9/Mines Parts ------- > --- POWER (1) -------- Improved Ion Engine > --- PROPULSION (2) --- Light Treads Light Treads > --- UTILITY (2) ------ High-capacity Storage Unit Hardened Light Armor Plating > --- WEAPON (2) ------- Particle Gun Grenade Launcher > --- INVENTORY (20) --- Ion Engine Light Treads Light Treads Armored Treads Armored Treads Large Matter Pod (150) Large Matter Pod (90) Experimental Sensor Array Hardened Medium Armor Plating Hardened Medium Armor Plating Hacking Suite Makeshift System Shield Latent Energy Streamer Assault Rifle Heavy Assault Rifle Heavy Assault Rifle Heavy Assault Rifle EMP Blaster Grenade Launcher Makeshift Axe Peak State ------------ > --- POWER ------------ Improved Ion Engine > --- PROPULSION ------- Light Treads Light Treads > --- UTILITY ---------- High-capacity Storage Unit Hardened Light Armor Plating > --- WEAPON ----------- Particle Gun Heavy Assault Rifle > --- INVENTORY -------- Ion Engine Light Treads Light Treads Armored Treads Armored Treads Large Matter Pod Large Matter Pod Experimental Sensor Array Hardened Medium Armor Plating Hardened Medium Armor Plating Hacking Suite Makeshift System Shield Latent Energy Streamer Assault Rifle Heavy Assault Rifle Heavy Assault Rifle EMP Blaster Grenade Launcher Grenade Launcher Makeshift Axe [Rating: 16] Favorites ----------- Power Ion Engine Engine Ion Engine Propulsion Aluminum Leg Treads Light Treads Leg Aluminum Leg Utility High-capacity Storage Unit Storage High-capacity Storage Unit Processor Targeting Computer Protection Hardened Light Armor Plating Weapon Heavy Assault Rifle Energy Gun Particle Gun Ballistic Gun Heavy Assault Rifle Launcher Grenade Launcher Build | -11 -10 -10 -10 -9 ------- Run | Yrd Mat Min Exi Min Slots Evolved . | . . . . . Power . | . . . . . Propulsion . | . . . . . Utility . | . . . . . Weapon . | . . . . . Parts Attached 23 | 1 15 4 . 3 Power 3 | . 2 . . 1 Engine 3 | . 2 . . 1 Core . | . . . . . Reactor . | . . . . . Propulsion 5 | . 3 2 . . Treads 2 | . . 2 . . Leg 3 | . 3 . . . Wheel . | . . . . . Hover . | . . . . . Flight . | . . . . . Utility 4 | . 3 . . 1 Device . | . . . . . Storage 2 | . 2 . . . Processor 1 | . 1 . . . Hackware . | . . . . . Protection 1 | . . . . 1 Artifact . | . . . . . Weapon 11 | 1 7 2 . 1 Energy Gun 3 | 1 1 1 . . Energy Cannon . | . . . . . Ballistic Gun 6 | . 5 1 . . Ballistic Cannon . | . . . . . Launcher 2 | . 1 . . 1 Special Weapon . | . . . . . Impact Weapon . | . . . . . Slashing Weapon . | . . . . . Piercing Weapon . | . . . . . Special Melee Weapon . | . . . . . Unidentified Prototypes . | . . . . . Parts Lost 5 | . 2 3 . . Power 1 | . 1 . . . Propulsion 2 | . . 2 . . Utility . | . . . . . Weapon 2 | . 1 1 . . Highest Loss Streak 3 | . 1 3 . . To Critical Strikes . | . . . . . Average Slot Usage (%) 96 | . 90 99 100 99 Engine 13 | . 13 14 14 14 Treads 12 | . . 9 28 28 Leg 15 | . 27 18 . . Storage 14 | . 14 14 14 14 Processor 10 | . 7 14 14 1 Energy Gun 8 | . 7 3 14 14 Ballistic Gun 18 | . 20 24 14 9 Peak Build Rating 16 | 6 11 12 14 16 Average Rating 11 | 6 8 11 12 15 On Entrance 9 | 6 6 11 12 14 Naked Turns . | . . . . . Heaviest Build 58 | 12 51 51 51 58 Greatest Support 40 | 20 20 40 40 40 Greatest Overweight (x) 15 | . 15 2 1 1 Average Overweight (x) 1 | . 1 1 1 1 Largest Inventory Capacity 20 | 8 20 20 20 20 Average Capacity 18 | 8 17 20 20 20 Most Carried 20 | 6 17 20 18 20 Average Carried 15 | 6 12 16 16 19 Final Capacity 20 | 8 20 20 20 20 Final Carried 20 | 6 17 15 18 20 Class Distribution -------------------- 100% | Mutant Dominant Class ---------------- Mutant | -10/Materials Mutant | -10/Mines Mutant | -10/Exiles Mutant | -9/Mines Resources | -11 -10 -10 -10 -9 ----------- Run | Yrd Mat Min Exi Min Matter Collected 821 | 210 218 194 35 164 Remotely . | . . . . . Salvage Created 551 | . 326 170 35 20 Parts 40 | . 25 11 1 3 Haulers Intercepted 1 | . 1 . . . Recyclers Shooed 3 | . 2 1 . . Parts Field Recycled . | . . . . . Retrieved Matter . | . . . . . Parts Self-Destructed . | . . . . . Prevented . | . . . . . Kills | -11 -10 -10 -10 -9 ------- Run | Yrd Mat Min Exi Min Combat Hostiles Destroyed 24 | . 9 4 . 11 Guns 11 | . 7 4 . . AOE 13 | . 2 . . 11 Classes Destroyed 9 | . 5 1 . 3 Worker 1 | . . . . 1 Builder 1 | . . . . 1 Hauler 1 | . 1 . . . Recycler 2 | . 1 1 . . Operator 1 | . 1 . . . Watcher 1 | . 1 . . . Swarmer 11 | . 9 2 . . Grunt 2 | . . 2 . . Assembled 11 | . . . . 11 Best Kill Streak 13 | . 3 2 . 13 Combat Bots Only 11 | . 3 2 . 11 Max Kills in Single Turn 3 | . 2 1 . 3 Gunslinging . | . . . . . Exploded 3 | . 2 . . 3 Melee . | . . . . . Uniques/NPCs Destroyed . | . . . . . Combat | -11 -10 -10 -10 -9 -------- Run | Yrd Mat Min Exi Min Hostile Shots Fired 123 | . 66 32 . 25 Missed 29 | . 11 11 . 7 Damage Taken 1240 | . 463 341 . 436 Core 277 | . 107 79 . 91 Absorbed by Shields . | . . . . . Core Remaining (%) 100 | 100 . . . . Volleys Fired 73 | . 33 18 8 14 Largest 2 | . 2 2 2 1 Hottest 88 | . 80 46 88 30 Shots Fired 126 | . 60 36 16 14 Gun 111 | . 59 36 16 . Cannon . | . . . . . Launcher 15 | . 1 . . 14 Special . | . . . . . Kinetic 79 | . 35 36 8 . Thermal 8 | . . . 8 . Explosive 15 | . 1 . . 14 Electromagnetic 24 | . 24 . . . Robot Hit Streak 17 | . 8 9 14 17 Robot Miss Streak 6 | . 6 5 1 3 Penetration Max . | . . . . . Secondary Targets 4 | . 3 1 . . Max Gunslinging Chain 1 | . 1 1 . . Shots Hit Robots 79 | . 34 23 14 8 Core Hits 46 | . 14 8 2 22 Critical Kills . | . . . . . Critical Parts Destroyed 1 | . 1 . . . Critical Strikes 2 | . 1 . 1 . Burn 1 | . . . 1 . Destroy 1 | . 1 . . . Melee Attacks . | . . . . . Impact . | . . . . . Slashing . | . . . . . Piercing . | . . . . . Sneak Attacks . | . . . . . Combat Hostiles . | . . . . . Follow-up Attacks . | . . . . . Damage Inflicted 2082 | . 592 306 191 993 Guns 985 | . 496 298 191 . Cannons . | . . . . . Explosions 1073 | . 86 . . 987 Melee . | . . . . . Ramming 24 | . 10 8 . 6 Kinetic 658 | . 279 298 81 . Thermal 196 | . 86 . 110 . Explosive 987 | . . . . 987 Electromagnetic 217 | . 217 . . . Impact . | . . . . . Slashing . | . . . . . Piercing . | . . . . . Highest Corruption . | . . . . . Average Corruption . | . . . . . Corruption Purged . | . . . . . Corruption Blocked . | . . . . . Overload Shots . | . . . . . Overflow Damage 138 | . . . . 138 Projectiles . | . . . . . Explosions 138 | . . . . 138 Melee . | . . . . . Knockbacks 1 | . . 1 . . Impact 1 | . . 1 . . Kinetic . | . . . . . Secondary . | . . . . . Self-Inflicted Damage 220 | . 15 . . 205 Shots 9 | . 1 . . 8 Rammed 2 | . . . . 2 Targets Rammed 9 | . 4 3 . 2 Kicked 7 | . 4 3 . . Crushed . | . . . . . Highest Temperature 216 | . 90 22 216 64 Average Temperature 46 | . 29 7 109 35 Received Heat Transfer 224 | . . 144 . 80 Siege Activations . | . . . . . Robots Corrupted . | . . . . . Combat Hostiles . | . . . . . Parts Fried 2 | . 2 . . . Impact Corruptions . | . . . . . Robots Melted . | . . . . . Combat Hostiles . | . . . . . Parts Melted . | . . . . . Heat Transferred 383 | . 50 . 333 . Parts Sabotaged . | . . . . . Parts Stolen . | . . . . . Parts Stripped . | . . . . . Power Chain Reactions 1 | . 1 . . . Alert | -11 -10 -10 -10 -9 ------- Run | Yrd Mat Min Exi Min Peak Influence 263 | . 263 73 . 54 Initial 2 | . . 2 . . Average 45 | . 60 25 . 23 Maximum Alert Level 1 | . 1 . . . Low Security (%) 98 | 100 97 100 . 100 Level 1 1 | . 2 . . . Level 2 . | . . . . . Level 3 . | . . . . . Level 4 . | . . . . . Level 5 . | . . . . . High Security . | . . . . . Max Security . | . . . . . Squads Dispatched . | . . . . . Investigation . | . . . . . Extermination . | . . . . . Reinforcement . | . . . . . Assault . | . . . . . Garrison . | . . . . . Intercept . | . . . . . Searches Triggered . | . . . . . Construction Impeded . | . . . . . Haulers Reinforced . | . . . . . Active Scanning Responses . | . . . . . Cargo Convoy Interrupts . | . . . . . Stealth | -11 -10 -10 -10 -9 --------- Run | Yrd Mat Min Exi Min Distress Signals . | . . . . . Communications Jammed . | . . . . . Distress Signals . | . . . . . Times Spotted 42 | . 22 5 . 15 Peak Tracking Total 11 | . 3 2 . 11 Tactical Retreats 4 | . 2 . . 2 Traps | -11 -10 -10 -10 -9 ------- Run | Yrd Mat Min Exi Min Traps Triggered 3 | . 2 1 . . Indirectly . | . . . . . Trap Hack Attempts . | . . . . . Triggered . | . . . . . Disarmed . | . . . . . Reprogrammed . | . . . . . Reused . | . . . . . Traps Extracted . | . . . . . Installed . | . . . . . Triggered . | . . . . . Machines | -11 -10 -10 -10 -9 ---------- Run | Yrd Mat Min Exi Min Machines Disabled 1 | . 1 . . . Max in Single Turn 1 | . 1 . . . Machines Repaired . | . . . . . Machines Dismantled . | . . . . . Machines Sabotaged . | . . . . . Overloaded Fab Kills . | . . . . . Hacking | -11 -10 -10 -10 -9 --------- Run | Yrd Mat Min Exi Min Machines Accessed 10 | . 8 1 1 . Terminals 8 | . 8 . . . Fabricators . | . . . . . Repair Stations . | . . . . . Recycling Units . | . . . . . Scanalyzers . | . . . . . Garrison Access . | . . . . . Total Hacks 29 | . 27 1 1 . Successful 19 | . 17 1 1 . Failed 10 | . 10 . . . Catastrophic 1 | . 1 . . . Database Lockouts . | . . . . . Manual 26 | . 25 . 1 . Terminals 27 | . 27 . . . Fabricators . | . . . . . Repair Stations . | . . . . . Recycling Units . | . . . . . Scanalyzers . | . . . . . Garrison Access . | . . . . . Terminal Hacks 9 | . 7 1 1 . Robot Analysis 2 | . 2 . . . Prototype ID Bank 5 | . 5 . . . Open Door 1 | . . 1 . . Derelict Proto ID Bank 1 | . . . 1 . Fabricator Hacks . | . . . . . Repair Station Hacks . | . . . . . Recycling Unit Hacks . | . . . . . Scanalyzer . | . . . . . Garrison Access Hacks . | . . . . . Unauthorized Hacks 10 | . 10 . . . Terminals 10 | . 10 . . . Track 1 | . 1 . . . Botnet 4 | . 4 . . . Skim 5 | . 5 . . . Fabricators . | . . . . . Repair Stations . | . . . . . Recycling Units . | . . . . . Scanalyzers . | . . . . . Garrison Access . | . . . . . Data Cores Recovered 1 | . 1 . . . Used 1 | . 1 . . . Hacking Detections 8 | . 8 . . . Full Trace Events . | . . . . . Feedback Events . | . . . . . Feedback Blocked . | . . . . . Robot Schematics Acquired . | . . . . . Robots Built . | . . . . . Authchips . | . . . . . Time . | . . . . . Total Robot Build Rating . | . . . . . Part Schematics Acquired . | . . . . . Parts Built . | . . . . . Authchips . | . . . . . Time . | . . . . . Total Part Build Rating . | . . . . . Parts Repaired . | . . . . . Time . | . . . . . Parts Recycled . | . . . . . Recycled Matter . | . . . . . Retrieved Matter . | . . . . . Retrieved Components . | . . . . . Parts Scanalyzed . | . . . . . Part Schematics Acquired . | . . . . . Parts Damaged . | . . . . . Bothacking | -11 -10 -10 -10 -9 ------------ Run | Yrd Mat Min Exi Min Used RIF Installer . | . . . . . Robots Hacked . | . . . . . Non-combat . | . . . . . Combat . | . . . . . Robot Hacks Applied . | . . . . . Relay Couplers Released . | . . . . . Fabnet Peak Effective % . | . . . . . Robots Rewired 2 | . . . 2 . Allies Hacked . | . . . . . Hacks Repelled . | . . . . . Allies | -11 -10 -10 -10 -9 -------- Run | Yrd Mat Min Exi Min Total Allies 4 | . . 2 2 . Largest Group 2 | . . 2 2 1 Highest-Rated Group 41 | . . 41 16 8 Highest-Rated Ally 31 | . . 31 8 8 Total Orders . | . . . . . Ally Attacks 4 | . . 2 . 2 Total Damage 34 | . . 22 . 12 Kills . | . . . . . Allies Corrupted . | . . . . . Allies Melted . | . . . . . Intel | -11 -10 -10 -10 -9 ------- Run | Yrd Mat Min Exi Min Robot Analysis Total 2 | . 2 . . . Derelict Logs Recovered 3 | . . 2 . 1 Drone Launches . | . . . . . Drone Recoveries . | . . . . . Exploration | -11 -10 -10 -10 -9 ------------- Run | Yrd Mat Min Exi Min Turns Passed 3523 | 2 1362 869 1098 192 Spaces Moved 1371 | 1 564 315 431 60 Core 2 | . 2 . . . Treads 595 | . . 104 431 60 Legs 774 | 1 562 211 . . Wheels . | . . . . . Hover . | . . . . . Flight . | . . . . . Fastest Speed 120 | 120 120 240 240 240 Average Speed 232 | 120 214 253 240 240 Slowest Speed 800 | 120 800 260 240 240 Overloaded Moves . | . . . . . Propulsion Burnouts . | . . . . . Robots Hopped . | . . . . . Cave-ins Triggered . | . . . . . Exploration Rate (%) 55 | 2 96 73 91 14 Regions Visited 4 Branch Regions 3 Pre-discovered Areas 1 | . . 1 . . Known Exits Taken . | . . . . . Unknown Exits Taken 4 | 1 1 1 1 . Scrap Searched . | . . . . . Spaces Dug 12 | . 6 . . 6 Terrain Destroyed 119 | . 10 . . 109 Melee . | . . . . . Projectile . | . . . . . AOE 119 | . 10 . . 109 Terrain Rammed . | . . . . . Walls Destroyed . | . . . . . Machines Disabled . | . . . . . Actions | -11 -10 -10 -10 -9 --------- Run | Yrd Mat Min Exi Min Total 1570 | 1 646 350 480 93 Wait 29 | . 16 1 2 10 Move 1367 | . 563 314 430 60 Hop . | . . . . . Pick Up 22 | . 12 5 3 2 Fast Attach 11 | . 9 1 . 1 Attach 6 | . 3 3 . . Detach 2 | . 2 . . . Swap 6 | 1 3 . . 2 Drop 8 | . 1 5 . 2 Fire 73 | . 33 18 8 14 Melee . | . . . . . Ram . | . . . . . Kick 7 | . 4 3 . . Crush 2 | . . . . 2 Escape Stasis . | . . . . . Rewire 37 | . . . 37 . Trap . | . . . . . Miscellaneous . | . . . . . Route ------- -11/Scrapyard -10/Materials (discovered 5 exits: *Mat x3 / *Min x2) -10/Mines (discovered 3 exits: *Mat x2 / *Exi) -10/Exiles (discovered 2 exits: [*Min x2]) -9/Mines (discovered 2 exits: Mat x2) History --------- Turn | Location | Event 3 | -11/Scrapyard | Discovered new exit (range 0) 3 | -11/Scrapyard | Entered Materials 131 | -10/Materials | Discovered new exit (range 4) 310 | -10/Materials | Build established: Mutant 528 | -10/Materials | Discovered new exit (range 15) 593 | -10/Materials | Discovered new exit (range 15) 766 | -10/Materials | Identified exit to Materials 816 | -10/Materials | Learned 4 Subcaves zone layouts 910 | -10/Materials | Learned Storage security intel 940 | -10/Materials | Learned Storage emergency access door positions 1195 | -10/Materials | Discovered new exit (range 15) 1365 | -10/Materials | Entered Mines 1555 | -10/Mines | Found a damaged Exp. Sensor Array with a note attached 1560 | -10/Mines | Found Prototype Device 1567 | -10/Mines | Learned location of Mines (-9) 1596 | -10/Mines | Core integrity fell below 50% 1818 | -10/Mines | Met a Derelict who couldn't figure out how to use a Trap Extractor 1980 | -10/Mines | Lost 3 parts (2n1w) 2222 | -10/Mines | Deemed a non-threat by the Exiles lab entrance 2224 | -10/Mines | Discovered new exit (range 5) 2234 | -10/Mines | Entered Exiles 2234 | -10/Exiles | Found Exiles lab destroyed 2270 | -10/Exiles | Discovered new exit (range 15) 2499 | -10/Exiles | Opened EX-Vault 2503 | -10/Exiles | Found Prototype Energy Cannon 2507 | -10/Exiles | Identified Latent Energy Streamer 3311 | -10/Exiles | Discovered new exit (range 10) 3332 | -10/Exiles | Entered Mines 3332 | -9/Mines | Accompanied by 2 allies 3333 | -9/Mines | Identified exit to Materials 3342 | -9/Mines | Joined a pair of Derelicts in attacking an 0b10 outpost 3427 | -9/Mines | Learned 8 Materials zone layouts 3450 | -9/Mines | Assembled infested the area 3475 | -9/Mines | Core integrity fell below 20% 3524 | -9/Mines | Destroyed self with Grenade Launcher Last Messages --------------- 03490_ Destroyed Asb. F-torch. 03490_ as-42642 destroyed. 03494_ 35-RKL(g) destroyed. 03494_ as-02077 destroyed. 03494_ Destroyed Asb. F-torch. 03495_ The unstable cave ceiling collapses. 03496_ U-05 Engineer lays Concrete. 03496_ Destroyed Asb. Hover Unit. 03496_ as-22573 destroyed. 03496_ U-05 Engineer destroyed. 03496_ as-42426 destroyed. 03497_ The unstable cave ceiling collapses. 03498_ R-06 Scavenger collects Welding Torch. 03501_ The unstable cave ceiling collapses. 03502_ R-06 Scavenger collects Wheel. 03503_ The unstable cave ceiling collapses. 03505_ R-06 Scavenger collects Lgt. Ion Engine. 03507_ R-06 Scavenger destroyed. 03515_ as-04624 destroyed. 03519_ The unstable cave ceiling collapses. Map ----- +----------------------------------------------------+ | ?????######?????????????????????????? | | ????##"=! ##????????????????????????? | | ????#!!* #????????????????????????? | | ????# ! *![#????????????????????????? | | ????## ####??????????????????????? | | ????###/+## #######????????????????? | | ????# #????????????????? | | ???## ##### #????????????????? | | ???# ##???# #????????????????? | | ??## ##????# #????????????????? | | ### ##?????# #????????????????? | | # ##??????# #????????????????? | | ## ##???????# #????????????????? | | ?### #????????# #????????????????? | | ???## ##????????# #????????????????? | | ????## ??????????# #????????????????? | | ?????# ??????????# #??????????